cohdb
Replays
Latest Replays
All Replays
Popular Replays
Top Player Replays
Match Explorer
How It Works
Community
CoH3 Stats
Reddit
Sign in to upload your games and track your stats! →
Sign in with Steam
Match 38258286
Unlisted
Match 38258286
Overview
Messages
Build Orders
End
Panzergrenadier Squad
250 Light Carrier
Panzergrenadier Squad
Construct Light Support Kompanie
Combat Half-tracks
Selects Armored Support Battlegroup
Selects Superior Fire Drills
Fire Support Elements
Panzerjäger Mechanized Group
Flakvierling Half-track
Vehicle Survival Package
2.5-tonne Medical Truck
Selects Salvage Kits
Construct Mechanized Kompanie
Marder III Tank Destroyer
Selects Panzer Storm
le.IG 18 Mechanized Group
Veteran Squad Leaders
Tungsten Core Ammunition
Construct Panzerarmee Kommand
Flak 36 Anti-tank Gun Team
Armored Reserves
Panzergrenadier Squad
Tiger Heavy Tank
Selects Stuka Anti-tank Loiter
Selects Flammpanzer III Medium Tank
Tiger Heavy Tank
2.5-tonne Medical Truck
Advanced Field Repairs
Emergency Repair Kits
Erikson
Thrusher
SnooP
hurahagl
Bruistablet
Professor gibberish
NOSOROG
Ryan Gosling
0
0
Comments
sign in to comment!
No comments posted yet!